 Dungeon Crawl Stone Soup version 0.30-a0-986-g7f2e898f52 (webtiles) character file.

Game seed: 2535142671733705574

428 CryoSword the Gusty (level 6, 0/45 HPs)
             Began as a Demigod Air Elementalist on Apr 1, 2023.
             Slain by a killer bee (5 damage)
             ... on level 3 of the Dungeon.
             The game lasted 00:06:17 (4012 turns).

CryoSword the Gusty (Demigod Air Elementalist)      Turns: 4012, Time: 00:06:17

Health: 0/45       AC:  3    Str:  9    XL:     6   Next: 38%
Magic:  11/11      EV: 12    Int: 25    God:
Gold:   37         SH:  0    Dex: 14    Spells: 1/8 levels left

rFire   . . .      SeeInvis +    f - staff of air
rCold   + . .      Faith    .    (no shield)
rNeg    . . .      Spirit   .    a - +1 robe
rPois   .          Reflect  .    (no helmet)
rElec   +          Rampage  .    (no cloak)
rCorr   .                        (no gloves)
Will    .....                    (no boots)
Stlth   ++                       (no amulet)
HPRegen 0.27/turn                d - ring of see invisible
MPRegen 0.12/turn                l - ring of protection from cold

@: lethally poisoned (0 -> -5)
A: high MP 1, forlorn, divine attributes
a: no special abilities


You were on level 3 of the Dungeon.
You visited 1 branch of the dungeon, and saw 4 of its levels.

You collected 212 gold pieces.
You spent 175 gold pieces at shops.

Inventory:

Hand Weapons
 v - the +8 rapier "Xezedu" {heavy, Str+3 Dex+3}
   (You took it off a goblin on level 4 of the Dungeon)

   Str:       It affects your strength (+3).
   Dex:       It affects your dexterity (+3).
Missiles
 c - 6 poisoned darts
 u - 2 boomerangs
Armour
 a - a +1 robe (worn)
Magical Staves
 f - a staff of air (weapon)
   (You found it on level 1 of the Dungeon)
Jewellery
 d - a ring of see invisible (left hand)
   (You found it on level 1 of the Dungeon)
 l - a ring of protection from cold (right hand)
   (You found it on level 2 of the Dungeon)
Wands
 m - a wand of charming (6)
   (You found it on level 3 of the Dungeon)
Scrolls
 h - 4 scrolls of teleportation {@r4}
 o - a scroll of vulnerability {unknown}
 p - 2 scrolls of fog {unknown}
 r - a scroll of magic mapping {unknown}
 s - a scroll of summoning
Potions
 e - a potion of might {unknown}
 g - a potion of curing {@q1}
 i - a potion of lignification {unknown}
 j - 2 potions of heal wounds {unknown}
 k - a potion of resistance {unknown}
 n - a potion of mutation {!q}
 t - 2 potions of brilliance {unknown}


   Skills:
 + Level 0.2 Fighting
 + Level 0.2 Short Blades
 + Level 1.8 Dodging
 + Level 1.8 Stealth
 + Level 1.8 Spellcasting
 * Level 4.3 Conjurations
 * Level 5.1 Air Magic


You had one spell level left.
You knew the following spells:

 Your Spells              Type           Power      Damage    Failure   Level
a - Shock                 Conj/Air       100%       1d9       1%          1
b - Static Discharge      Conj/Air       78%        2-6/arc   2%          2
c - Airstrike             Air            21%        2d(3-19)  14%         4

Your spell library contained the following spells:

 Spells                   Type           Power      Damage    Failure   Level
 Magic Dart               Conj           92%        1d7       1%          1
 Searing Ray              Conj           46%        2d6       3%          2
 Swiftness                Air            42%        N/A       4%          3
 Poisonous Vapours        Pois/Air       44%        N/A       6%          2
 Cigotuvi's Dreadful Rot  Necr/Pois/Air  32%        N/A       9%          2
 Mephitic Cloud           Conj/Pois/Air  27%        N/A       10%         3
 Sublimation of Blood     Necr           2%         N/A       17%         2
 Wereblood                Tmut           2%         N/A       17%         2
 Kindle Blastsparks       Fire/Tloc/Air  32%        2d12      17%         3
 Gell's Gravitas          Tloc           2%         N/A       34%         3
 Ozocubu's Armour         Ice            2%         N/A       34%         3
 Portal Projectile        Hex/Tloc       4%         N/A       34%         3
 Teleport Other           Tloc           2%         N/A       34%         3
 Tukima's Dance           Hex            2%         N/A       34%         3
 Fulminant Prism          Conj/Hex       6%         3d7       43%         4
 Iskenderun's Mystic Bla  Conj/Tloc      13%        2d5       43%         4
 Blade Hands              Tmut           1%         N/A       97%         5
 Lee's Rapid Deconstruct  Erth           1%         3d4*      97%         5
 Metabolic Englaciation   Hex/Ice        1%         N/A       97%         5
 Dispersal                Tloc           1%         N/A       100%        6
 Simulacrum               Ice/Necr       1%         N/A       100%        6
 Summon Hydra             Summ           1%         N/A       100%        7


Dungeon Overview and Level Annotations

Branches:
Dungeon (4/15)
 Temple: D:4-7

Shops:
D:4 ?


Innate Abilities, Weirdness & Mutations

You have an increased reservoir of magic. (+10% MP)
You shall have no god before yourself.
Your divine heritage dramatically boosts your attributes as you level up.


Message History

You see here a scorpion corpse.
Key pressed, stopping explore.
A goblin comes into view. It is wielding a +0 dagger.
A goblin is nearby!
Aim: a goblin, wielding a +0 dagger (wandering, hasn't noticed you, 67% to hit)
You feel a surge of power!
The zap hits the goblin!
You kill the goblin!
A goblin comes into view. It is wielding a +0 dagger. x2
Aim: a goblin, wielding a +0 dagger (wandering, hasn't noticed you, 67% to hit)
You feel a surge of power!
The zap misses the goblin.
The goblin shouts! x2; You hear a shout! x2
Aim: a goblin, wielding a +0 dagger (67% to hit)
You feel a surge of power!
The zap hits the goblin.
You kill the goblin!
A hobgoblin comes into view.
Aim: a goblin, wielding a +0 dagger (67% to hit)
You feel a surge of power!
The zap misses the goblin.
The zap hits the hobgoblin!
You kill the hobgoblin!
Aim: a goblin, wielding a +0 dagger (67% to hit)
You feel a surge of power!
The zap hits the goblin!
You kill the goblin!
A hobgoblin comes into view.
A hobgoblin is nearby!
A hobgoblin is nearby!
Aim: a hobgoblin (74% to hit)
You feel a surge of power!
The zap hits the hobgoblin.
Aim: a hobgoblin (moderately wounded, 74% to hit)
You feel a surge of power!
The zap hits the hobgoblin.
A goblin comes into view. It is wielding a +0 club.
Aim: a hobgoblin (heavily wounded, 74% to hit)
You feel a surge of power!
The zap hits the hobgoblin!
You kill the hobgoblin!
The zap hits the goblin.
You kill the goblin!
You can't see any susceptible monsters within range! (Use Z to cast anyway.) Unknown command.
Robin of the Strong Arm comes into view.
They are wielding a +0 mace.
Robin is nearby!
Robin is nearby!
Aim: Robin, wielding a +0 mace, wearing a +0 animal skin and wearing a +0 helmet (wandering, hasn't noticed you, 81% to hit)
You feel a surge of power!
The zap hits Robin.
Robin shouts!
Robin roars a battlecry!
A goblin comes into view. It is wielding a +0 dagger.
You hear a shout!
Aim: Robin, wielding a +0 mace, wearing a +0 animal skin and wearing a +0 helmet (lightly wounded, 81% to hit)
You feel a surge of power!
The zap hits Robin.
The goblin shouts!
Robin's bangles clink loudly.
Robin throws the goblin at you! The goblin barely misses you.
Aim: Robin, wielding a +0 mace, wearing a +0 animal skin and wearing a +0 helmet (heavily wounded, 81% to hit)
You feel a surge of power!
The zap hits Robin!
Robin throws the goblin at you!
A goblin comes into view. It is wielding a +0 dagger.
The goblin hits you with a +0 club.
The goblin shouts!
You hit the goblin. The goblin hits you with a +0 club. x2
The goblin closely misses you. The goblin attacks as you move away!
The goblin completely misses you.
You feel a surge of power!
The goblin is struck by an arc of lightning.
You resist.
You are struck by an arc of lightning.
The goblin is struck by an arc of lightning.
You kill the goblin!
The lightning grounds out.
You feel a surge of power!
The goblin is struck by an arc of lightning.
You kill the goblin!
The goblin is struck by an arc of lightning.
You kill the goblin!
There is a stone staircase leading up here.
You climb upwards.
There is a stone staircase leading down here.
Done exploring.
You climb downwards.
Level annotation: Robin
There is a stone staircase leading up here.
Robin hits you with a +0 mace.
You hit Robin.
Robin roars a battlecry!
You hear a shout!
You feel a surge of power!
Robin is struck by an arc of lightning.
You resist.
You are struck by an arc of lightning.
Robin is struck by an arc of lightning.
You kill Robin!
The lightning grounds out.
You hear an angry buzzing noise.
A goblin comes into view. It is wielding a +0 club.
A killer bee comes into view.
Items here: ! ) [[.
You closely miss the goblin.
The killer bee buzzes angrily.
The goblin barely misses you.
A killer bee comes into view.
You feel a surge of power!
The goblin is struck by an arc of lightning.
You kill the goblin!
You resist.
You are struck by an arc of lightning.
The lightning grounds out.
The killer bee buzzes angrily.
You hear a shout!
You hear an angry buzzing noise.
A goblin comes into view. It is wielding a +0 club.
Aim: a killer bee (48% to hit)
You feel a surge of power!
The zap hits the killer bee but does no damage.
A killer bee comes into view.
The killer bee closely misses you.
You feel a surge of power!
The killer bee is struck by an arc of lightning!
You resist.
You are struck by an arc of lightning.
The lightning grounds out.
The killer bee closely misses you. x2
You feel a surge of power!
The killer bee is struck by an arc of lightning. x3
You resist.
You are struck by an arc of lightning.
The lightning grounds out.
The killer bee misses you.
A goblin comes into view. It is wielding a +0 club.
The killer bee misses you.
You feel a surge of power!
The killer bee is struck by an arc of lightning.
You kill the killer bee!
You resist.
You are struck by an arc of lightning.
The lightning grounds out.
The killer bee closely misses you.
The killer bee attacks as you move away!
The killer bee closely misses you.
There is a stone staircase leading up here.
The killer bee stings you but does no damage.
The killer bee completely misses you. The killer bee stings you.
The killer bee stings you but does no damage.
You climb upwards.
There is a stone staircase leading down here.
You hit the killer bee but do no damage.
The killer bee barely misses you. The killer bee stings you. x3
* * * LOW HITPOINT WARNING * * *
The killer bee barely misses you. The killer bee stings you.
* * * LOW HITPOINT WARNING * * *
Unknown command.
Okay, then.
Okay, then.
Magic courses through your body. The killer bee stings you.
* * * LOW HITPOINT WARNING * * *
You are poisoned.
The killer bee poisons you! The killer bee stings you!
* * * LOW HITPOINT WARNING * * *
The killer bee stings you but does no damage.
The killer bee barely misses you.
You feel better. The killer bee stings you.
* * * LOW HITPOINT WARNING * * *
The killer bee stings you.
* * * LOW HITPOINT WARNING * * *
You are lethally poisoned!
The killer bee poisons you! The killer bee stings you.
You die...

#########
#....[..# ###
#.#####.#
#.######.# #.#
#......#.# #.#
#.####.#.#####.###
#.................
#y.....#######.##.
#@.............##.
#y.....##.###.###.
##.........##.###.
#.........#....#.
#.........#....#.
#.........#....#.
#.........##.....
#.........##.....
########.###.....


You could see 2 killer bees.

Vanquished Creatures
  A phantom (D:3)
  A scorpion (D:4)
  A killer bee (D:4)
  An iguana (D:4)
  2 orc wizards (D:4)
  Robin (D:4)
  4 gnolls (D:4)
  4 adders
  A shadow imp (D:4)
  An ufetubus (D:4)
  A dart slug (D:1)
  9 orcs (D:4)
  6 bats
  7 endoplasms
  4 giant cockroaches
  11 goblins
  9 hobgoblins
  2 kobolds
  3 quokkas
  3 ball pythons
  4 frilled lizards
  8 rats
84 creatures vanquished.

Notes
Turn   | Place    | Note
-------+----------+-------------------------------------------
     0 | D:1      | CryoSword the Demigod Air Elementalist began the quest for
                  | the Orb.
     0 | D:1      | Reached XP level 1. HP: 14/14 MP: 5/5
    46 | D:1      | Reached skill level 1 in Conjurations
   165 | D:1      | Reached skill level 3 in Air Magic
   182 | D:1      | Reached XP level 2. HP: 5/20 MP: 0/7
   421 | D:1      | Learned a level 2 spell: Static Discharge
  1374 | D:2      | Reached XP level 3. HP: 26/26 MP: 5/8
  2002 | D:3      | Noticed a phantom
  2018 | D:3      | Killed a phantom
  2019 | D:3      | Reached skill level 4 in Air Magic
  2019 | D:3      | Reached XP level 4. HP: 21/33 MP: 0/9
  2630 | D:4      | Found Deseach's Magic Scroll Shoppe.
  2638 | D:4      | Bought a scroll of teleportation for 42 gold pieces
  2638 | D:4      | Bought a scroll of summoning for 133 gold pieces
  2882 | D:4      | Reached XP level 5. HP: 38/38 MP: 2/10
  3568 | D:4      | Learned a level 4 spell: Airstrike
  3732 | D:4      | Identified the +8 rapier "Xezedu" {heavy, Str+3 Dex+3}
  3737 | D:4      | Reached skill level 5 in Air Magic
  3737 | D:4      | Reached XP level 6. HP: 44/45 MP: 3/11
  3903 | D:4      | Noticed Robin
  3998 | D:4      | Killed Robin
  4012 | D:3      | Slain by a killer bee

Illustrated notes

Levels and vault maps discovered:
D:1:      enne_arrival_octagon_isle, layout_basic,
          hellmonk_ecumenical_altar_inner_sanctum, corexii_leaking_fountain,
          minmay_hedge_maze
D:2:      layout_rooms
D:3:      layout_basic, mainiacjoe_overflow_24_doors
D:4:      wander_river, layout_basic, serial_shops, shop, minivault_1,
          kennysheep_opposing_triangles, uniq_robin

Skill      XL: |  1  2  3  4  5 |
---------------+----------------+-----
Conjurations   | 1 2 3 4 |  4.3
Air Magic      | 3 4 5 |  5.1
Fighting       | |  0.2
Short Blades   | |  0.2
Dodging        | |  1.8
Stealth        | |  1.8
Spellcasting   | |  1.8

Action                     |  1- 3 |  4- 6 || total
---------------------------+-------+-------++-------
  Melee: Staff             |    13 |    10 ||    23
   Cast: Shock             |    71 |    76 ||   147
         Static Discharge  |     4 |    16 ||    20
    Use: Scroll            |     2 |     1 ||     3
         Potion            |       |     2 ||     2
   Stab: Sleeping          |       |     1 ||     1
 Armour: Robe              |     3 |     7 ||    10
  Dodge: Dodged            |    14 |    29 ||    43

Table legend: (Time is in decaauts)
 A = Elapsed time spent in this place.
 B = Non-inter-level travel time spent in this place.
 C = Inter-level travel time spent in this place.
 D = Time resting spent in this place.
 E = Time spent auto-exploring this place.
 F = Levels seen in this place.
 G = Mean time per level.
                   A        B        C        D        E       F      G
               +--------+--------+--------+--------+--------+-----+--------+
         Total |   4025 |   3971 |     54 |     27 |   3421 |   4 | 1006.2 |
       Dungeon |   4025 |   3971 |     54 |     27 |   3421 |   4 | 1006.2 |
               +--------+--------+--------+--------+--------+-----+--------+

Top non-repeatable levels by time:
     D:4: 1332 daAuts
     D:1: 1260 daAuts
     D:3: 813 daAuts
     D:2: 619 daAuts
